[Event "Open International Liffre 2019"]
[Site "Liffre"]
[Date "2019.10.19"]
[Round "1.1"]
[White "Nikolov, Momchil"]
[Black "Aumont, Alexandre"]
[Result "1-0"]
[TimeControl "1h30 + 30s/coup + 30 min /40 Coup"]
[WhiteTitle "GM"]
[WhiteElo "2557"]
[BlackElo "2221"]

1. d4 f5 2. Nf3 Nf6 3. g3 g6 4. c4 Bg7 5. b4 O-O 6. Bb2 a6 7. Nc3 d6 8. Bg2 Qe8 9. O-O b5 10.
cxb5 axb5 11. d5 Ne4 12. Nd4 Nxc3 13. Bxc3 Ra6 14. Qd3 Bd7 15. Rfc1 f4 16. Nb3 Bxc3 17. Rxc3 c6 18. dxc6 Bxc6 19.
Bxc6 Rxc6 20. Rac1 Rxc3 21. Rxc3 fxg3 22. hxg3 Qf7 23. f3 Qf5 24. Qxf5 Rxf5 25. Nd4 Rd5 1-0

[ePGN "0.1;DGT LiveChess/2.1"]

[Event "Open International Liffre 2019"]
[Site "Liffre"]
[Date "2019.10.19"]
[Round "1.2"]
[White "Besson, Bastien"]
[Black "Bailet, Pierre"]
[Result "1/2-1/2"]
[TimeControl "1h30 + 30s/coup + 30 min /40 Coup"]
[BlackTitle "IM"]
[WhiteElo "2200"]
[BlackElo "2493"]

1. e4 c5 2. Nf3 Nc6 3. d4 cxd4 4. Nxd4 Nf6 5. Nc3 e5 6. Ndb5 d6 7. Bg5 a6 8. Na3 b5 9. Nd5 Be7 10.
Bxf6 Bxf6 11. c4 b4 12. Nc2 O-O 13. g3 a5 14. Bg2 Bg5 15. O-O Ne7 16. h4 Bh6 17. Nce3 Nxd5 18. Nxd5 Be6 19.
Qd3 Rc8 20. b3 g6 21. Rfd1 Rc5 22. Ne3 a4 23. Qxd6 Qxd6 24. Rxd6 Ra8 25. Rad1 axb3 26. Rd8+ Rxd8 27. Rxd8+ Kg7 28.
axb3 Bxe3 29. fxe3 Ra5 30. Rb8 Ra1+ 31. Kf2 Ra2+ 32. Kf1 Rb2 33. Rxb4 Rxb3 34. Rxb3 Bxc4+ 35. Kf2 Bxb3 36. Bf1 f6 37.
Bb5 Bc2 38. Bc6 Kf7 39. Bd5+ Ke7 40. Kf3 Kd6 41. Bg8 h6 42. Bh7 Bd1+ 43. Kf2 g5 44. Bg8 Bc2 45. Kf3 Kc5 46. Kg4 Bxe4 47.
Kh5 gxh4 48. gxh4 f5 49. Kxh6 f4 50. exf4 exf4 51. Kg5 f3 52. Be6 f2 53. Bh3 Bd3 1/2-1/2

[ePGN "0.1;DGT LiveChess/2.1"]

[Event "Open International Liffre 2019"]
[Site "Liffre"]
[Date "2019.10.19"]
[Round "1.3"]
[White "Enchev, Ivajlo"]
[Black "Bianchi, Guillaume"]
[Result "1-0"]
[TimeControl "1h30 + 30s/coup + 30 min /40 Coup"]
[WhiteTitle "GM"]
[WhiteElo "2488"]
[BlackElo "2147"]

1. d4 d5 2. Nf3 Nf6 3. c4 c6 4. Nc3 dxc4 5. a4 Bf5 6. e3 e6 7. Bxc4 Bb4 8. O-O Nbd7 9. Qb3 a5 10.
h3 h6 11. Bd2 O-O 12. Rfe1 Bh7 13. Na2 Bxd2 14. Nxd2 Qb6 15. Nc3 Nd5 16. e4 Qxb3 17. Bxb3 Nb4 18. Nc4 Rfd8 19. Rad1 Kf8 20.
f4 Ra6 21. Nd6 Rb6 22. f5 Nd3 23. Nxf7 Nxe1 24. Nxd8 exf5 25. Ne6+ Ke7 26. Rxe1 Rxb3 27. exf5 Kf7 28. g4 Rxb2 29.
Ne4 Kg8 30. N6c5 Nf8 31. Nd6 b6 32. Ne6 Nd7 33. Nxg7 Nf6 34. Re7 b5 35. Ne6 Kh8 36. Nf7 Kg8 37. Nxh6+ Kh8 38. g5 bxa4 39.
gxf6 a3 40. Ng5 Bg8 41. Rh7 1-0

[ePGN "0.1;DGT LiveChess/2.1"]

[Event "Open International Liffre 2019"]
[Site "Liffre"]
[Date "2019.10.19"]
[Round "1.4"]
[White "Dehesdin, Wilfried"]
[Black "Guilleux, Fabien"]
[Result "0-1"]
[TimeControl "1h30 + 30s/coup + 30 min /40 Coup"]
[BlackTitle "IM"]
[WhiteElo "2112"]
[BlackElo "2433"]

1. d4 Nf6 2. c4 g6 3. Nc3 d5 4. e3 Bg7 5. Qb3 e6 6. Qa3 Nc6 7. Nf3 Ne7 8. Bd2 O-O 9. Ne5 b6 10.
cxd5 exd5 11. Ba6 Bxa6 12. Qxa6 c5 13. O-O Nf5 14. dxc5 bxc5 15. Nf3 d4 16. exd4 cxd4 17. Ne2 Ne4 18.
Bb4 Re8 19. Nf4 Rb8 20. a3 g5 21. Nd3 g4 22. Nd2 Rxb4 23. Nxe4 Rb6 24. Qa5 Nh4 25. Rfe1 Qa8 26. Qg5 Nxg2 27.
Kxg2 Rxe4 28. Kg1 h6 29. Qf5 Rxe1+ 30. Rxe1 Rf6 31. Qd7 Qf3 32. Qe8+ Kh7 33. Qe4 Qxe4 34. Rxe4 Rf3 35. Nc5 d3 36.
Nb3 Bxb2 37. Re7 Bd4 38. Rd7 Bxf2+ 39. Kg2 Bh4 40. Rxa7 Rf2+ 41. Kg1 Rb2 42. Rxf7 Kg6 43. Rb7 d2 0-1

[ePGN "0.1;DGT LiveChess/2.1"]

[Event "Open International Liffre 2019"]
[Site "Liffre"]
[Date "2019.10.20"]
[Round "2.1"]
[White "Naumkin, Igor"]
[Black "Nikolov, Momchil"]
[Result "1/2-1/2"]
[TimeControl "1h30 + 30s/coup + 30 min /40 Coup"]
[WhiteTitle "GM"]
[BlackTitle "GM"]
[WhiteElo "2385"]
[BlackElo "2557"]

1. d4 Nf6 2. c4 e6 3. Nf3 d5 4. Nc3 c5 5. cxd5 Nxd5 6. e4 Nxc3 7. bxc3 cxd4 8. cxd4 Bb4+ 9. Bd2 Bxd2+ 10. Qxd2 O-O 11. Bc4 Nd7 12. O-O b6 13. Rad1 Bb7 14. Rfe1 Rc8 15. Bd3 h6 16. h3 Re8 17. Bb1 Qc7 18.
Rc1 Qd6 19. Rcd1 Rc4 20. Bd3 Rc7 21. Bb1 b5 22. Nh2 b4 23. Re3 Rec8 24. e5 Qf8 25. Qd3 g6 26. Qd2 Rc3 27. Bd3 Bd5 1/2-1/2

[ePGN "0.1;DGT LiveChess/2.1"]

[Event "Open International Liffre 2019"]
[Site "Liffre"]
[Date "2019.10.20"]
[Round "2.2"]
[White "Vidal, Llewellyn"]
[Black "Enchev, Ivajlo"]
[Result "1/2-1/2"]
[TimeControl "1h30 + 30s/coup + 30 min /40 Coup"]
[WhiteTitle "FM"]
[BlackTitle "GM"]
[WhiteElo "2319"]
[BlackElo "2488"]

1. c4 e6 2. Nf3 Nf6 3. g3 d5 4. Bg2 dxc4 5. O-O Nbd7 6. Qc2 a6 7. a4 c5 8. a5 Be7 9. Qxc4 b5 10.
axb6 Nxb6 11. Qc2 Bb7 12. d3 Nfd5 13. b3 Nb4 14. Qd2 Bd5 15. Ra3 O-O 16. Nc3 Bc6 17. Ne5 Bxg2 18. Kxg2 Qc7 19. Nc4 Nc6 20. Bb2 Nd4 21. Rfa1 Rfd8 22. Kg1 Nxb3 23. Rxb3 Nxc4 24. Qc2 Na5 25. Rba3 Nc6 26. Ne4 Bf8 27. Ra4 Rd5 28. h4 h6 29. Rc4 Qb6 30. Ba3 Nd4 31. Qd1 Rb8 32. Nxc5 Bxc5 33. Bxc5 Nxe2+ 34. Qxe2 Rxc5 35.
Rxc5 Qxc5 36. Rxa6 Rb1+ 37. Kh2 Qc1 38. Qf3 Qg1 39. Kh3 Qf1 40. Qg2 Qxd3 41. Ra2 g5 42. Kh2 Kg7 43. Ra4 Rb2 44. hxg5 hxg5 45. Ra1 g4 46.
Kg1 e5 47. Qf1 Qd4 48. Re1 Rb3 49. Qe2 Rxg3+ 50. Kf1 Rf3 51. Qxe5+ Qxe5 52. Rxe5 Kf6 53.
Ra5 g3 54. Kg2 gxf2 55. Kf1 Kg6 56.
Rb5 f5 57. Rb8 Rf4 58. Rg8+ Kf6 59. Rf8+ Kg5 60. Ra8 Rf3 61. Ra4 Kh5 62. Rb4 Kg5 63. Ra4 Kf6 64. Ra5 Rf4 65. Ra3 Kg5 66. Rb3 Kg4 67. Ra3 Rb4 68.
Kxf2 Rb2+ 69. Kf1 Kf4 70. Rc3 Ke5 1/2-1/2

[ePGN "0.1;DGT LiveChess/2.1"]

[Event "Open International Liffre 2019"]
[Site "Liffre"]
[Date "2019.10.20"]
[Round "2.3"]
[White "Guilleux, Fabien"]
[Black "Konguvel, Ponnuswamy"]
[Result "*"]
[TimeControl "1h30 + 30s/coup + 30 min /40 Coup"]
[WhiteTitle "IM"]
[BlackTitle "IM"]
[WhiteElo "2433"]
[BlackElo "2370"]

1. b3 Nf6 2. Bb2 g6 3. Bxf6 exf6 4. c4 Bg7 5. Nc3 d6 6. g3 f5 7. Bg2 Nd7 8. e3 O-O 9. Nge2 c6 10.
d4 Nf6 11. O-O Re8 12. b4 Ne4 13. Qd3 Qe7 14. b5 Bd7 15. bxc6 Bxc6 16. Rab1 Rac8 17. Nf4 Nxc3 18. Qxc3 Bxg2 19.
Nxg2 h5 20. Rfc1 b6 21. Rb5 Bf6 22. h4 Rc6 23. a4 Rec8 24. a5 Qe6 25. axb6 Rxc4 26. bxa7 Rxc3 27. Rxc3 Rxc3 28. a8=Q+ Kg7 29.
Rb1 Qc4 30. Nf4 Rc1+ 31. Rxc1 Qxc1+ 32. Kg2 Qc2 33. Qd5 Be7 34. Qb5 Qe4+ 35. Kg1 Qf3 36. Qd7 Qe4 37. d5 Kf8 38. Qc8+ Kg7 39. Qe8 Bf6 40. Qd7 Qe7 41. Qc6 Be5 42. Ng2 Qd8 43.
Ne1 Qb8 44. Qc2 Qb5 45. Qd3 Qb4 46. Nf3 Qe4 47. Qxe4 fxe4 48. Ng5 f5 49. Kf1 Kf6 50. Ke2 Bc3 51. Kd1 Ke5 52. Ne6 Kxd5 53. Nf4+ Ke5 54. Nxg6+ Kf6 55. Nf4 Be5 56. Ne2 Ke6 57.
Kc2 Kd5 58. Ng1 Kc4 59. Nh3 d5 60. Kd2 d4 61. exd4 Kxd4 62. Ke2 Kd5 63. Ke3 Ke6 64. Ng5+ Kf6 65. Ke2 Bc7 66. Kf1 Ba5 67.
Nh3 Bd2 68. Ke2 Bh6 69. f3 exf3+ 70. Kxf3 Ke5 71. Nf2 Kd4 72. Nd1 Bc1 73. Nf2 Bh6 74. Nh3 Ke5 75. Ng1 f4 76. Ne2 fxg3 77. Nxg3 Bf8 78. Nxh5 Be7 79.
Kg4 Bxh4 *

[ePGN "0.1;DGT LiveChess/2.1"]

[Event "Open International Liffre 2019"]
[Site "Liffre"]
[Date "2019.10.20"]
[Round "2.4"]
[White "Dalaud, Dorian"]
[Black "Sundararajan, Kidambi"]
[Result "0-1"]
[TimeControl "1h30 + 30s/coup + 30 min /40 Coup"]
[BlackTitle "GM"]
[WhiteElo "2227"]
[BlackElo "2422"]

1. c4 e6 2. Nc3 d5 3. e3 c5 4. Nf3 d4 5. exd4 cxd4 6. Nb5 Nc6 7. d3 a6 8. Na3 Nf6 9. g3 Be7 10.
Bg2 O-O 11. O-O Nd7 12. Nc2 e5 13. Re1 a5 14. Rb1 f5 15. a3 a4 16. Bd2 Kh8 17. Nb4 Bf6 18. Nxc6 bxc6 19. h4 h6 20.
Ng5 Nc5 21. Bb4 Qd6 22. Qh5 Kg8 23. g4 Rb8 24. Rbd1 Bd7 25. gxf5 Bxg5 26. hxg5 Rxf5 27. Qg4 Rxg5 28. Bxc5 Qf6 29. Qg3 Rxg3 30. fxg3 Qg5 31. Bd6 Re8 32. Rf1 Qxg3 33. Rf3 Qg6 34. c5 Be6 0-1

[ePGN "0.1;DGT LiveChess/2.1"]

[Event "Open International Liffre 2019"]
[Site "Liffre"]
[Date "2019.10.20"]
[Round "3.1"]
[White "Sundararajan, Kidambi"]
[Black "Satyapragyan, Swayangsu"]
[Result "1/2-1/2"]
[TimeControl "1h30 + 30s/coup + 30 min /40 Coup"]
[WhiteTitle "GM"]
[BlackTitle "IM"]
[WhiteElo "2422"]
[BlackElo "2395"]

1. d4 Nf6 2. c4 e6 3. Nc3 Bb4 4. e3 O-O 5. Bd3 d5 6. Nf3 c5 7. O-O Nc6 8. cxd5 exd5 9. dxc5 Bxc5 10. h3 Be6 11. b3 Qe7 12. Bb2 Rad8 13. Ne2 Ne4 14.
Ned4 Bc8 15. Rc1 Nxd4 16. Nxd4 Qg5 17. f4 Qe7 18.
Bxe4 dxe4 19. Qh5 Bb6 20. Rc2 f6 21. Rfc1 Be6 1/2-1/2

[ePGN "0.1;DGT LiveChess/2.1"]

[Event "Open International Liffre 2019"]
[Site "Liffre"]
[Date "2019.10.20"]
[Round "3.2"]
[White "Nikolov, Momchil"]
[Black "Vidal, Llewellyn"]
[Result "1-0"]
[TimeControl "1h30 + 30s/coup + 30 min /40 Coup"]
[WhiteTitle "GM"]
[BlackTitle "FM"]
[WhiteElo "2557"]
[BlackElo "2319"]

1. d4 d5 2. c4 e6 3. Nc3 Bb4 4. Qa4+ Nc6 5. e3 dxc4 6. Bxc4 Qg5 7. g3 Nf6 8. Nf3 Qf5 9. Ne5 Ne4 10. O-O Bxc3 11. bxc3 f6 12. Nxc6 Bd7 13. Qb3 bxc6 14. f3 Ng5 15. e4 Nxf3+ 16. Kg2 Nh4+ 17. gxh4 Qg4+ 18. Kf2 Qxe4 19. Qd1 Qxh4+ 20. Kg1 O-O 21. Qf3 c5 22. Ba3 cxd4 23. Bxf8 Rxf8 24. Qf4 Qh3 25. Rf3 Qh5 26. cxd4 g5 27. Qe4 Kg7 28. Raf1 f5 29. Qe5+ Rf6 30. Rg3 h6 31. Qxc7 Rf7 32. Qe5+ 1-0

[ePGN "0.1;DGT LiveChess/2.1"]

[Event "Open International Liffre 2019"]
[Site "Liffre"]
[Date "2019.10.20"]
[Round "3.3"]
[White "Konguvel, Ponnuswamy"]
[Black "Bailet, Pierre"]
[Result "1/2-1/2"]
[TimeControl "1h30 + 30s/coup + 30 min /40 Coup"]
[WhiteTitle "IM"]
[BlackTitle "IM"]
[WhiteElo "2370"]
[BlackElo "2493"]

1. e4 c5 2. Nf3 Nc6 3. d4 cxd4 4. Nxd4 Nf6 5. Nc3 e5 6. Ndb5 d6 7. Bg5 a6 8. Na3 b5 9. Nd5 Be7 10.
Bxf6 Bxf6 11. c3 O-O 12. Nc2 Rb8 13. h4 Be7 14. Nce3 Be6 15. Qf3 Qd7 16. Bd3 Bd8 17. g4 Bb6 18.
Nf5 Bxd5 19. exd5 Ne7 20. Ng3 f5 21. gxf5 Kh8 22. h5 Ng8 23. O-O-O Bd8 24. Kb1 Bg5 25. f6 Nxf6 26. Qf5 Qxf5 27. Bxf5 Bf4 1/2-1/2

[ePGN "0.1;DGT LiveChess/2.1"]

[Event "Open International Liffre 2019"]
[Site "Liffre"]
[Date "2019.10.20"]
[Round "3.4"]
[White "Enchev, Ivajlo"]
[Black "Yche, Michel"]
[Result "1-0"]
[TimeControl "1h30 + 30s/coup + 30 min /40 Coup"]
[WhiteTitle "GM"]
[WhiteElo "2488"]
[BlackElo "1951"]

1. d4 Nf6 2. c4 e5 3. dxe5 Ng4 4. Bf4 Nc6 5. Nf3 Bb4+ 6. Nc3 Qe7 7. Qd5 Bxc3+ 8. bxc3 f6 9. exf6 Nxf6 10. Qd3 d6 11. g3 Ne4 12.
Bg2 Nc5 13. Qe3 Qxe3 14. Bxe3 Na5 15. Bxc5 dxc5 16. Nd2 c6 17. Nb3 Nxc4 18. Nxc5 O-O 19. Rb1 Na5 20. O-O Rf5 21. Nd3 Rf7 22.
Ne5 Rc7 23. Rfd1 Be6 24. Rb4 Kf8 25. Ra4 b6 26. Rh4 h6 27. c4 Ke7 28. Re4 Re8 29. Bf3 Kf6 30. Rd6 Kf5 31. Ng4 Nxc4 32.
Rf4+ Kg6 33. Rxc4 1-0

[ePGN "0.1;DGT LiveChess/2.1"]

[Event "Open International Liffre 2019"]
[Site "Liffre"]
[Date "2019.10.21"]
[Round "4.1"]
[White "Satyapragyan, Swayangsu"]
[Black "Nikolov, Momchil"]
[Result "1/2-1/2"]
[TimeControl "1h30 + 30s/coup + 30 min /40 Coup"]
[WhiteTitle "IM"]
[BlackTitle "GM"]
[WhiteElo "2395"]
[BlackElo "2557"]

1. e4 e5 2. Nf3 Nc6 3. Bb5 a6 4. Ba4 Nf6 5. O-O Nxe4 6. d4 b5 7. Bb3 d5 8. dxe5 Be6 9. Qe2 Be7 10.
Rd1 Na5 11. Nbd2 Nc5 12. c3 Ncxb3 13. Nxb3 c5 14. Nxa5 Qxa5 15. Bg5 Bf8 16. Be3 Be7 17. Bg5 Bf8 18. Be3 Be7 19. Bg5 Bf8 20. Be3 Be7 21. Bg5 Bf8 1/2-1/2

[ePGN "0.1;DGT LiveChess/2.1"]

[Event "Open International Liffre 2019"]
[Site "Liffre"]
[Date "2019.10.21"]
[Round "4.2"]
[White "Viani Antonio Dcunha"]
[Black "Enchev, Ivajlo"]
[Result "1/2-1/2"]
[TimeControl "1h30 + 30s/coup + 30 min /40 Coup"]
[WhiteTitle "IM"]
[BlackTitle "GM"]
[WhiteElo "2380"]
[BlackElo "2488"]

1. e4 e5 2. Nf3 Nc6 3. Bc4 Bc5 4. O-O Nf6 5. d3 d6 6. c3 a5 7. a4 O-O 8. h3 h6 9. Re1 Be6 10.
Nbd2 Re8 11. Bb5 Bd7 12. Bc4 Be6 13. Bb5 Bd7 14. Nf1 Ne7 15. Bc4 c6 16. Be3 Qb6 17. Bxc5 Qxc5 18. Qb3 d5 19.
exd5 b5 20. axb5 cxb5 21. Nxe5 bxc4 22. Nxd7 Nxd7 23. Qxc4 Qd6 24. Ne3 Nf6 25. Qb5 Reb8 26. Nc4 Qxd5 27. Qxd5 Nexd5 28. Ra4 Nb6 29.
Rxa5 Rxa5 30. Nxa5 Na4 31. Nc4 Nd7 32. Re2 Ndc5 33. Rd2 Nb3 34. Rd1 Nbc5 35. Rd2 Nb6 36. Nxb6 Rxb6 37. b4 Ne6 38. Kf1 Rc6 39. c4 Nd4 40.
b5 Rc8 41. Ra2 Kf8 42. Ke1 Ke7 43. Ra7+ Ke6 44. Kd2 Rb8 45. Kc3 Nxb5+ 46. cxb5 Rxb5 47. Ra6+ Kd5 48. Ra7 Ke6 49. Kd4 Rb4+ 50.
Ke3 h5 51. Ra6+ Ke7 52. Rc6 g6 53. Rc4 Rb2 54. h4 Ke6 55. g3 Ra2 56. Rb4 Ra3 57. f3 Ra1 58. Re4+ Kd6 59. Kf4 Ra5 60.
g4 Rd5 61. Ke3 Ra5 62. Re8 Kd7 63. Rh8 hxg4 64. fxg4 Ke7 65. h5 gxh5 66. gxh5 Kf6 67. h6 Rh5 68. Ke4 Rh4+ 69. Kd5 Rh5+ 70. Kc4 Kg6 71. d4 Kf6 72.
Ra8 Kg5 73. Ra6 f6 74. d5 Rxh6 75. d6 Rh7 76. Kd5 f5 77. Ke5 f4 78. Ra1 Rf7 79. Ke6 Rf8 80. Ke7 Rb8 81. Rg1+ Kh4 82.
d7 f3 83. d8=Q Rxd8 84. Kxd8 1/2-1/2

[ePGN "0.1;DGT LiveChess/2.1"]

[Event "Open International Liffre 2019"]
[Site "Liffre"]
[Date "2019.10.21"]
[Round "4.3"]
[White "Guilleux, Fabien"]
[Black "Sundararajan, Kidambi"]
[Result "1/2-1/2"]
[TimeControl "1h30 + 30s/coup + 30 min /40 Coup"]
[WhiteTitle "IM"]
[BlackTitle "GM"]
[WhiteElo "2433"]
[BlackElo "2422"]

1. d4 d5 2. c4 c6 3. Nf3 Nf6 4. Nc3 dxc4 5. a4 Bf5 6. e3 e6 7. Bxc4 Bb4 8. O-O O-O 9. Qe2 Bg4 10.
Rd1 Qa5 11. Na2 Be7 12. b4 Qh5 13. h3 Bxf3 14. Qxf3 Qxf3 15. gxf3 Nbd7 16. f4 a5 17. Bd2 axb4 18. Nxb4 Nb6 19.
Bb3 Ne4 20. Be1 c5 21. f3 Nc3 22. Bxc3 cxb4 23. Bd2 Rfc8 24. Rdc1 Nd5 25. f5 Nc3 26. Bxc3 Rxc3 27. Rxc3 bxc3 28.
fxe6 fxe6 29. Bxe6+ Kf8 30. Bd5 Ra7 31. Rc1 Bb4 32. Bb3 Ra6 33. Kf2 Rh6 34. Rh1 Ba5 35. Bc2 g5 36. Bf5 Ke7 37.
Rb1 b6 38. Ke2 Kf6 39. e4 Rh4 40. Ke3 h6 41. Bg4 h5 42. e5+ Kg6 43. Bd7 c2 44. Rc1 Bc3 45. d5 Bxe5 46. Rxc2 Bd4+ 47.
Ke2 Kf6 48. Rc6+ Ke5 49. Rg6 Kxd5 50. Rxg5+ Kd6 51. Be8 Rxh3 52. Bxh5 Rh1 53. f4 Ra1 54. Be8 Ra3 55. Bb5 Re3+ 56.
Kd2 Rf3 57. Rg6+ Ke7 58. Rg4 Kf6 59. Bd3 Rf2+ 60. Be2 Kf5 61. Rg8 Rxf4 1/2-1/2

[ePGN "0.1;DGT LiveChess/2.1"]

[Event "Open International Liffre 2019"]
[Site "Liffre"]
[Date "2019.10.21"]
[Round "4.4"]
[White "Bailet, Pierre"]
[Black "Naumkin, Igor"]
[Result "1/2-1/2"]
[TimeControl "1h30 + 30s/coup + 30 min /40 Coup"]
[WhiteTitle "IM"]
[BlackTitle "GM"]
[WhiteElo "2493"]
[BlackElo "2385"]

1. Nf3 Nf6 2. g3 d5 3. Bg2 c5 4. O-O e6 5. d3 Nc6 6. Nbd2 Be7 7. e4 O-O 8. Re1 b5 9. exd5 exd5 10.
a4 b4 11. d4 Bg4 12. h3 Bh5 13. dxc5 Bxc5 14. Nb3 Bb6 15. Be3 Rc8 16. Bxb6 Qxb6 17. a5 Qc7 18. Qd2 Rfd8 19. Nfd4 Ne4 20. Bxe4 dxe4 21. Rxe4 Bf3 22.
Re3 Bd5 23. Rae1 h6 24. Nxc6 Qxc6 25. Nd4 Qc5 26. Re5 f6 27. Re7 Bf7 28. c3 bxc3 29. bxc3 Qxa5 30. Qf4 Rxc3 31. Nf5 Rc4 32.
Nxh6+ gxh6 33. Qxf6 Rf8 34. Qxh6 Qb6 35. R1e6 Qb1+ 36. Kg2 Qh7 37. Qxh7+ Kxh7 38. Rxa7 Kg8 39. Rd6 Rc2 40. g4 Be8 41.
Kg3 Rcxf2 42. Rd8 R2f3+ 43. Kh4 Re3 44. Kg5 Re5+ 45. Kh4 Rf3 46. Rd2 Ree3 47. Rh2 Bf7 48. Ra5 Kg7 49. Kg5 Re6 50. Rf5 Rg6+ 51. Kh4 Rxf5 52. gxf5 Rh6 53. Kg4 Kf6 54.
Rb2 Rh8 55. h4 Bd5 56. Rb6+ Ke5 57. h5 Rf8 58. h6 Rxf5 59. h7 Rf8 60. Kg5 Be4 61. Kh6 Rh8 62. Rb7 Bxb7 63. Kg7 Rxh7+ 1/2-1/2

[ePGN "0.1;DGT LiveChess/2.1"]

[Event "Open International Liffre 2019"]
[Site "Liffre"]
[Date "2019.10.22"]
[Round "5.1"]
[White "Nikolov, Momchil"]
[Black "Le Marec, Simon"]
[Result "1-0"]
[TimeControl "1h30 + 30s/coup + 30 min /40 Coup"]
[WhiteTitle "GM"]
[WhiteElo "2557"]
[BlackElo "2228"]

1. d4 d5 2. c4 dxc4 3. Nf3 Nf6 4. e3 e6 5. Bxc4 a6 6. O-O b5 7. Bd3 Bb7 8. a4 b4 9. Re1 c5 10.
e4 cxd4 11. e5 Nfd7 12. Bg5 Be7 13. Bxe7 Qxe7 14. Nbd2 Nc6 15. Rc1 O-O 16. Nb3 Rac8 17. Qe2 Ncb8 18. Be4 Bxe4 19. Qxe4 Nb6 20.
a5 Nd5 21. Nfxd4 Rfd8 22. g3 Qd7 23. Nc5 Qa7 24. Ncxe6 fxe6 25. Nxe6 Ne7 26. Nxd8 Rxd8 27. Qxb4 Rf8 28. Qc5 Qxc5 29.
Rxc5 Nbc6 30. Rd1 Rf5 31. f4 g5 32. Rd6 gxf4 33. Rcxc6 Nxc6 34. Rxc6 Rxe5 35. Rxa6 f3 36. b4 1-0

[ePGN "0.1;DGT LiveChess/2.1"]

[Event "Open International Liffre 2019"]
[Site "Liffre"]
[Date "2019.10.22"]
[Round "5.2"]
[White "Enchev, Ivajlo"]
[Black "Nortier, Julien"]
[Result "1-0"]
[TimeControl "1h30 + 30s/coup + 30 min /40 Coup"]
[WhiteTitle "GM"]
[WhiteElo "2488"]
[BlackElo "2037"]

1. d4 Nf6 2. c4 c5 3. d5 e6 4. Nc3 exd5 5. cxd5 d6 6. Nf3 g6 7. Bf4 a6 8. a4 Bg7 9. h3 O-O 10.
e3 Qe7 11. Be2 Nbd7 12. O-O b6 13. Nd2 Ne8 14. Nc4 Rb8 15. Qd2 Ne5 16. Bxe5 Bxe5 17. Nxe5 Qxe5 18. Rab1 Bf5 19. Rbe1 Nc7 20.
f4 Qg7 21. Kh1 Bd7 22. e4 f5 23. e5 dxe5 24. fxe5 Qxe5 25. d6 Ne6 26. Bc4 Qf6 27. Nd5 Qf7 28. Ne7+ Kg7 29. Bxe6 1-0

[ePGN "0.1;DGT LiveChess/2.1"]

[Event "Open International Liffre 2019"]
[Site "Liffre"]
[Date "2019.10.22"]
[Round "5.3"]
[White "Brault, Gabriel"]
[Black "Guilleux, Fabien"]
[Result "0-1"]
[TimeControl "1h30 + 30s/coup + 30 min /40 Coup"]
[BlackTitle "IM"]
[WhiteElo "1952"]
[BlackElo "2433"]

1. e4 c5 2. Be2 Nc6 3. f4 d5 4. d3 e6 5. Nf3 Bd6 6. c3 f6 7. Be3 Nge7 8. O-O O-O 9. g4 Ng6 10.
Ne1 b6 11. Ng2 d4 12. cxd4 cxd4 13. Bd2 f5 14. e5 Bc5 15. Bf3 Bb7 16. Qb3 Qd7 17.
gxf5 Rxf5 18. Bg4 Nce7 19. Bxf5 Nxf5 20. Kf2 Rf8 21. Qd1 Ne3 22. Nxe3 dxe3+ 23. Bxe3 Rxf4+ 24. Ke2 Bxe3 0-1

[ePGN "0.1;DGT LiveChess/2.1"]

[Event "Open International Liffre 2019"]
[Site "Liffre"]
[Date "2019.10.22"]
[Round "5.4"]
[White "Sundararajan, Kidambi"]
[Black "Yche, Michel"]
[Result "1-0"]
[TimeControl "1h30 + 30s/coup + 30 min /40 Coup"]
[WhiteTitle "GM"]
[WhiteElo "2422"]
[BlackElo "1951"]

1. d4 Nf6 2. Nf3 g6 3. Bg5 Bg7 4. Nbd2 d6 5. e4 O-O 6. c3 Re8 7. Bc4 e5 8. dxe5 dxe5 9. O-O c6 10.
a4 Qc7 11. Re1 Be6 12. a5 Nbd7 13. b4 Rad8 14. Qc2 h6 15. Be3 Ra8 16. h3 Nh5 17. Bxe6 Rxe6 18. Nc4 Bf8 19. Rad1 Ndf6 20.
Nh2 Kh7 21. Ng4 Nxg4 22. hxg4 Nf6 23. f3 g5 24. Qf2 Qb8 25. Rd2 Re8 26. Red1 Kg7 27. g3 Be7 28. Kg2 Rh8 29. Bc5 Bxc5 30.
Qxc5 Re8 31. Rd6 Qc7 32. Ne3 Re6 33. Nf5+ Kh7 34. Qe3 Rxd6 35. Rxd6 Ng8 36. Qd2 Rf8 37. Rd7 Qb8 38. Qd6 Qxd6 39.
Nxd6 Nf6 40. Rxb7 Rd8 41. Nxf7 Rd7 42. Rxd7 Nxd7 43. Nd8 Nb8 44. Nf7 Nd7 45. Kf2 Kg6 46. Nd6 a6 47. Nf5 c5 48.
Ke3 h5 49. gxh5+ Kxh5 50. g4 Kg6 51. Kd3 Kf6 52. Kc4 cxb4 53.
cxb4 Ke6 54. b5 Nb8 55. bxa6 Nxa6 56. Kb5 1-0

[ePGN "0.1;DGT LiveChess/2.1"]

[Event "Open International Liffre 2019"]
[Site "Liffre"]
[Date "2019.10.22"]
[Round "6.1"]
[White "Viani Antonio Dcunha"]
[Black "Nikolov, Momchil"]
[Result "1/2-1/2"]
[TimeControl "1h30 + 30s/coup + 30 min /40 Coup"]
[WhiteTitle "IM"]
[BlackTitle "GM"]
[WhiteElo "2380"]
[BlackElo "2557"]

1. e4 e5 2. Nf3 Nc6 3. Bc4 Bc5 4. O-O Nf6 5. d3 a6 6. Bb3 d6 7. c3 Ba7 8. Nbd2 O-O 9. h3 Be6 10.
Re1 h6 11. Nf1 Re8 12. Be3 d5 13. Bxa7 Rxa7 14. exd5 Bxd5 15. Bxd5 Qxd5 16. Ne3 Qc5 17.
Qc2 a5 18. Rad1 Raa8 19. d4 exd4 20. Nxd4 g6 21. Nxc6 Qxc6 22. Rd4 Rad8 23. Red1 Rxd4 24. Rxd4 Re4 25. Qd3 Kg7 26. c4 Rxd4 27.
Qxd4 Qe4 28. Qc3 c6 29. b3 b6 30. Ng4 Qb1+ 31. Kh2 Qf5 32. c5 bxc5 33. Nxf6 Qf4 34. Kg1 Qxf6 35. Qxa5 Qa1+ 36.
Kh2 Qe5 37. Kg1 Qa1+ 38. Kh2 Qe5 39. Kg1 Qa1+ 1/2-1/2

[ePGN "0.1;DGT LiveChess/2.1"]

[Event "Open International Liffre 2019"]
[Site "Liffre"]
[Date "2019.10.22"]
[Round "6.2"]
[White "Sundararajan, Kidambi"]
[Black "Enchev, Ivajlo"]
[Result "1/2-1/2"]
[TimeControl "1h30 + 30s/coup + 30 min /40 Coup"]
[WhiteTitle "GM"]
[BlackTitle "GM"]
[WhiteElo "2422"]
[BlackElo "2488"]

1. d4 Nf6 2. c4 e6 3. Nf3 d5 4. Bg5 h6 5. Bxf6 Qxf6 6. Nbd2 Nc6 7. e3 Bb4 8. Be2 dxc4 9. O-O Bxd2 10.
Nxd2 O-O 11. f4 Rd8 12. Nxc4 Ne7 13. Qb3 b6 14. Bf3 Rb8 15. Ne5 Bb7 16. Bxb7 Rxb7 17. Rac1 Qf5 18. Nc6 Nxc6 19. Rxc6 Rd6 20. Rxd6 cxd6 21.
Rc1 Qe4 22. Rc8+ Kh7 23. Qc2 Qxc2 24.
Rxc2 d5 25. Kf2 Kg6 26. g4 h5 27. h3 hxg4 28. hxg4 Kf6 29. Kf3 1/2-1/2

[ePGN "0.1;DGT LiveChess/2.1"]

[Event "Open International Liffre 2019"]
[Site "Liffre"]
[Date "2019.10.22"]
[Round "6.3"]
[White "Guilleux, Fabien"]
[Black "Naumkin, Igor"]
[Result "1/2-1/2"]
[TimeControl "1h30 + 30s/coup + 30 min /40 Coup"]
[WhiteTitle "IM"]
[BlackTitle "GM"]
[WhiteElo "2433"]
[BlackElo "2385"]

1. Nf3 Nf6 2. c4 e6 3. Nc3 Bb4 4. Qc2 O-O 5. a3 Bxc3 6. Qxc3 d6 7. g3 b6 8. Bg2 Bb7 9. O-O Nbd7 10.
Re1 a5 11. b3 Qe7 12. Bb2 c5 13. d4 Ne4 14. Qc2 f5 15. Rad1 Ndf6 16. d5 exd5 17. Bxf6 Rxf6 18. cxd5 f4 19.
Rd3 Ba6 20. gxf4 Rxf4 21. Re3 Re8 22. Nd2 Qh4 23. Rf1 Nf6 24. Rxe8+ Nxe8 25. Ne4 Bc8 26. e3 Rf5 27. Ng3 Re5 28.
Qc4 Qd8 29. b4 axb4 30. axb4 Nf6 31. bxc5 bxc5 32. Rb1 Re8 33. Rb8 Nd7 34. Rb1 Ne5 35. Qb3 Qf6 36. Qa4 Rf8 37. Qf4 Qd8 38.
Qe4 Ng4 39. Bf3 Ne5 40. Be2 Qf6 41. f4 Ng4 42. Rb8 Qh4 43. Bxg4 Qxg4 44. f5 Qxe4 45. Nxe4 Bxf5 46. Rxf8+ Kxf8 47.
Nxd6 Bd3 1/2-1/2

[ePGN "0.1;DGT LiveChess/2.1"]

[Event "Open International Liffre 2019"]
[Site "Liffre"]
[Date "2019.10.22"]
[Round "6.4"]
[White "Bailet, Pierre"]
[Black "Satyapragyan, Swayangsu"]
[Result "1-0"]
[TimeControl "1h30 + 30s/coup + 30 min /40 Coup"]
[WhiteTitle "IM"]
[BlackTitle "IM"]
[WhiteElo "2493"]
[BlackElo "2395"]

1. e4 e5 2. Nf3 Nc6 3. Bc4 Nf6 4. d3 Be7 5. O-O O-O 6. Re1 d6 7. a4 Be6 8. Nc3 Nd4 9. Nxd4 exd4 10.
Ne2 Bxc4 11. dxc4 c5 12. Nf4 Qd7 13. Bd2 Rae8 14. f3 Bd8 15. c3 Qc6 16. cxd4 cxd4 17. b3 a5 18. Bc1 Bb6 19.
Bb2 Qc5 20. Kh1 Qg5 21. Ne2 d5 22. cxd5 Bc7 23. Bxd4 Qh4 24. g3 Qh5 25. Kg2 Nd7 26. Nc3 Qg6 27. Nb5 Bb8 28. d6 Bxd6 29.
Nxd6 Qxd6 30. Bxg7 1-0

[ePGN "0.1;DGT LiveChess/2.1"]